 Dungeon Crawl Stone Soup version 0.30-b1-2-g02819fbbbe (webtiles) character file.

Game seed: 9283253770931150740

5682 redmage the Destroyer (level 11, -10/74 HPs)
             Began as a Meteoran Earth Elementalist on July 27, 2023.
             Was a Believer of Sif Muna.
             Mangled by a vampire (11 damage)
             ... on level 10 of the Dungeon.
             The game lasted 00:46:46 (3058 turns).

redmage the Destroyer (Meteoran Earth Elementalist) Turns: 3058, Time: 00:46:46

Health: -10/74     AC:  6    Str: 15    XL:     11   Next: 24%
Magic:  2/18       EV: 12    Int: 23    God:    Sif Muna [**....]
Gold:   371        SH:  0    Dex: 14    Spells: 0/16 levels left

rFire   . . .        s - +2 spear (venom)
rCold   . . .        (no shield)
rNeg    + + .        g - +0 leather armour {rPois}
rPois   +            p - +1 helmet "Sist" {rN++}
rElec   .            (no cloak)
rCorr   .            (no gloves)
SInv    .            k - +0 pair of boots
Will    +....        (no amulet)
Stlth   +            (no ring)
HPRegen 0.32/turn    i - +6 ring of strength
MPRegen 0.16/turn

%: no passive effects
@: glowing
A: sense surroundings 2, otherworldly, glowing, explore regen
a: Renounce Religion, Channel Magic


You were on level 10 of the Dungeon.
You worshipped Sif Muna.
Sif Muna was pleased with you.
You visited 2 branches of the dungeon, and saw 12 of its levels.

You collected 435 gold pieces.
You spent 64 gold pieces at shops.

Inventory:

Hand Weapons
 r - a +5 great sword of freezing
 s - a +2 spear of venom (weapon)
Missiles
 l - 34 poisoned darts
Armour
 g - a +0 leather armour of poison resistance (worn)
 k - a +0 pair of boots (worn)
 p - the +1 helmet "Sist" (worn) {rN++}
   (You took it off Robin on level 4 of the Dungeon)

   rN:        It greatly protects you from negative energy.
 x - +0 steam dragon scales
Jewellery
 c - a ring of ice
 i - a +6 ring of strength (right hand)
Wands
 a - a wand of polymorph (11)
 m - a wand of light (3)
 n - a wand of flame (37) (quivered)
Scrolls
 e - 3 scrolls of teleportation
 h - 2 scrolls of enchant armour
 j - 2 scrolls of enchant weapon
 o - a scroll of butterflies
 t - a scroll of vulnerability
 u - a scroll of fog
 v - a scroll of poison
Potions
 b - 2 potions of magic
 d - 3 potions of lignification
 f - 2 potions of curing
 q - 2 potions of degeneration {unknown}
 w - 2 potions of brilliance
 z - a potion of attraction {unknown}


   Skills:
 - Level 2.4 Dodging
 - Level 1.4 Stealth
 - Level 3.3 Spellcasting
 + Level 11.2 Conjurations
 - Level 1.2 Transmutations
 * Level 10.8 Fire Magic
 - Level 7.4 Earth Magic
 + Level 8.5 Invocations


You couldn't memorise any spells.
You knew the following spells:

 Your Spells              Type           Power      Damage    Failure   Level
a - Sandblast             Erth           76%        2d16      1%          1
b - Passwall              Tmut/Erth      19%        N/A       3%          2
c - Stone Arrow           Conj/Erth      92%        3d12      1%          3
d - Starburst             Conj/Fire      26%        6d8       22%         6
e - Petrify               Tmut/Erth      23%        N/A       22%         4

Your spell library contained the following spells:

 Spells                   Type           Power      Damage    Failure   Level
 Foxfire                  Conj/Fire      100%       2x1d9     1%          1
 Magic Dart               Conj           100%       1d8       1%          1
 Fireball                 Conj/Fire      26%        3d12      4%          5
 Mephitic Cloud           Conj/Pois/Air  21%        N/A       9%          3
 Sting                    Tmut/Pois      24%        1d4       11%         1
 Call Imp                 Summ           6%         N/A       22%         2
 Poisonous Vapours        Pois/Air       6%         N/A       22%         2
 Olgreb's Toxic Radiance  Pois           3%         N/A       80%         4
 Plasma Beam              Fire/Air       14%        2x1d27    92%         6


Dungeon Overview and Level Annotations

Branches:
Dungeon (11/15) Zot: 3454  Temple (1/1) D:6 Zot: 566     Orc (0/2) D:11
   Lair: D:8-11

Altars:
Ashenzari
Dithmenos
Gozag
Nemelex Xobeh
Ru
Sif Muna
Trog
Wu Jian

Shops:
D:4 **([


Innate Abilities, Weirdness & Mutations

You passively map the area around you.
You are easily found by Zot.
You glow in the dark.
You regain HP and MP as you explore.


Message History

The vampire draws strength from your injuries!
Casting: Stone Arrow (safe; 1% risk of failure)
Confirm with . or Enter, or press ? or * to list all spells.
Aiming: Stone Arrow (safe; 1% risk of failure)
Press: ? - help, Shift-Dir - straight line, f/p - vampire
Aim: a vampire (76% to hit)
The stone arrow hits the vampire!
The vampire is heavily damaged.
The vampire hits you but does no damage.
The vampire closely misses you.
Casting: Stone Arrow (safe; 1% risk of failure)
Confirm with . or Enter, or press ? or * to list all spells.
Aiming: Stone Arrow (safe; 1% risk of failure)
Press: ? - help, Shift-Dir - straight line, f/p - vampire
Aim: a vampire (heavily damaged, 76% to hit)
The stone arrow hits the vampire!
The vampire is severely damaged.
The vampire draws life force from you.
* * * LOW HITPOINT WARNING * * *
The vampire is healed by the life force!
Unknown command.
Casting: Stone Arrow (safe; 1% risk of failure)
Confirm with . or Enter, or press ? or * to list all spells.
Aiming: Stone Arrow (safe; 1% risk of failure)
Press: ? - help, Shift-Dir - straight line, f/p - vampire
Aim: a vampire (heavily damaged, 76% to hit)
The stone arrow misses the vampire.
The vampire mumbles some strange words.
The vampire flickers and vanishes!
Deactivating autopickup; reactivate with Ctrl-A.
You feel better. Something hits you but does no damage. Something bites you.
* * * LOW HITPOINT WARNING * * *
You feel better. Something hits you!
* * * LOW HITPOINT WARNING * * *
Something bites you.
* * * LOW HITPOINT WARNING * * *
You feel better. Something hits you!
* * * LOW HITPOINT WARNING * * *
Something bites you!
You die...

#.................,.
#####...............
#...............
#....#######. ,.
#....# ,, #..###
#..# , ####..# ,
#.@...# #..{..#
#.....###### *
#..........# ,*
#.<........####.###
#............... ..
#...........######.
#...........#....#.
#...........'....#.


There were no monsters in sight!

Vanquished Creatures
  A two-headed ogre (D:8)
  A troll (D:9)
  A hornet (D:9)
  A polar bear (shapeshifter) (D:11)
  3 wraiths
  Eustachio (D:4)
  6 yaks
  A wyvern (D:9)
  2 steam dragons
  A warg (D:11)
  Menkaure (D:7)
  A water moccasin (D:8)
  A sky beast (D:8)
  An ice beast (D:6)
  2 orc warriors
  An ogre (D:6)
  A centaur (D:9)
  3 kobold brigands
  3 bullfrogs
  3 gnoll sergeants
  7 wights
  8 killer bees (D:9)
  An orc priest (D:7)
  2 hounds
  A gnoll bouda (D:8)
  4 orc wizards
  Robin (D:4)
  10 gnolls
  4 adders (D:3)
  A shadow imp (D:7)
  A white imp (D:7)
  A dart slug (D:2)
  18 orcs
  2 ball pythons
  2 endoplasms
  2 giant cockroaches
  4 hobgoblins
  4 jackals (D:3)
  3 bats (D:3)
  2 frilled lizards
  9 goblins
  20 kobolds
  3 rats
145 creatures vanquished.

Notes
Turn   | Place    | Note
-------+----------+-------------------------------------------
     0 | D:1      | redmage the Meteoran Earth Elementalist began the quest for
                  | the Orb.
     0 | D:1      | Reached XP level 1. HP: 14/14 MP: 5/5
    42 | D:2      | Reached XP level 2. HP: 20/20 MP: 2/6
    50 | D:2      | Learned a level 2 spell: Passwall
    55 | D:3      | Reached XP level 3. HP: 26/26 MP: 2/8
    59 | D:3      | Learned a level 3 spell: Stone Arrow
    59 | D:3      | Found a broken altar of Ashenzari.
   122 | D:4      | Found Tiugimmu's Weapon Emporium.
   136 | D:4      | Found Rowoi's Assorted Antiques.
   149 | D:5      | Entered Level 5 of the Dungeon
   157 | D:4      | Noticed Eustachio
   168 | D:4      | HP: 1/26 [giant cockroach (1)]
   194 | D:2      | Reached skill level 1 in Conjurations
   252 | D:3      | Reached skill level 2 in Conjurations
   252 | D:3      | Reached XP level 4. HP: 33/33 MP: 4/9
   273 | D:3      | Reached skill level 5 in Earth Magic
   388 | D:4      | Killed Eustachio
   389 | D:4      | Reached skill level 4 in Conjurations
   389 | D:4      | Reached XP level 5. HP: 20/38 MP: 3/10
   389 | D:4      | Reached XP level 6. HP: 23/45 MP: 3/11
   411 | D:4      | Found Gyocuj's General Store.
   566 | D:4      | Reached skill level 5 in Conjurations
   588 | D:4      | Identified the +1 helmet "Sist" {rN++}
   588 | D:4      | Noticed Robin
   600 | D:4      | Killed Robin
   617 | D:4      | Found Potzudip's Armour Shoppe.
   667 | D:4      | Bought a scroll labelled HIATTOCLOG for 22 gold pieces
   683 | D:4      | Bought a scroll of teleportation for 42 gold pieces
   772 | D:6      | Found a staircase to the Ecumenical Temple.
   778 | D:6      | Reached XP level 7. HP: 49/50 MP: 7/12
   862 | D:6      | Reached skill level 6 in Conjurations
  1017 | D:6      | Reached skill level 7 in Conjurations
  1017 | D:6      | Reached XP level 8. HP: 57/57 MP: 8/13
  1070 | Temple   | Entered the Ecumenical Temple
  1090 | Temple   | Became a worshipper of Sif Muna the Loreminder
  1140 | D:7      | Reached skill level 8 in Conjurations
  1140 | D:7      | Reached skill level 1 in Invocations
  1235 | D:8      | Noticed a boulder beetle
  1386 | D:7      | Learned a level 6 spell: Starburst
  1391 | D:7      | Noticed Menkaure
  1442 | D:7      | Killed Menkaure
  1443 | D:7      | Reached skill level 1 in Fire Magic
  1556 | D:7      | Gained mutation: You passively map the area around you.
                  | [Meteoran growth]
  1556 | D:7      | Reached XP level 9. HP: 42/62 MP: 4/14
  1859 | D:8      | Reached * piety under Sif Muna
  1862 | D:8      | Reached skill level 9 in Conjurations
  1891 | D:8      | Reached skill level 5 in Fire Magic
  1965 | D:9      | Reached skill level 5 in Invocations
  2021 | D:10     | Entered Level 10 of the Dungeon
  2127 | D:11     | Found a staircase to the Orcish Mines.
  2137 | D:10     | Reached XP level 10. HP: 69/69 MP: 10/15
  2207 | D:10     | Found a bloodstained altar of Trog.
  2282 | D:10     | Found an opulent altar of Gozag.
  2295 | D:9      | Found a sacrificial altar of Ru.
  2317 | D:9      | Reached skill level 10 in Conjurations
  2337 | D:9      | Found a shadowy altar of Dithmenos.
  2399 | D:9      | Reached ** piety under Sif Muna
  2600 | D:8      | Noticed a two-headed ogre
  2608 | D:8      | Killed a two-headed ogre
  2609 | D:8      | Reached skill level 10 in Fire Magic
  2609 | D:8      | Reached XP level 11. HP: 8/74 MP: 5/18
  2618 | D:8      | Learned a level 4 spell: Petrify
  2983 | D:11     | Reached skill level 11 in Conjurations
  3037 | D:11     | Noticed a cyclops
  3057 | D:10     | HP: 2/74 [something (4)]
  3058 | D:10     | Mangled by a vampire

Illustrated notes

Levels and vault maps discovered:
D:1:      dpeg_arrival_water_temple_mockup, layout_rooms
D:2:      layout_rooms, uniq_crazy_yiuf_cottage
D:3:      minmay_octagon_keep, layout_basic, cheibrodos_ashenzari_chains
D:4:      layout_cave_pools, serial_shops, shop, shop, shop_statue, shop,
          chequers_big_river, dreamdust_princess_corridor, uniq_robin,
          uniq_eustachio
D:5:      layout_basic, lemuel_coloured_pillars_altar, kennysheep_mini_moat,
          grunt_temple_overflow_open, uniq_edmund
D:6:      layout_basic, okawaru_gym_becter, mainiacjoe_overflow_brackets,
          minmay_temple_entry_crystal_x, minmay_misc_feat_room
D:7:      layout_basic, uniq_menkaure
D:8:      layout_basic, minmay_fractal_squares_diagonal_5
D:9:      layout_loops_ring, mainiacjoe_overflow_small_starburst,
          nicolae_ru_sacrificial_ziggurat, grunt_ministairs_10, minivault_14
D:10:     layout_irregular_city, nicolae_gozag_cash_rules_everything_around_me,
          bloody_trog, erik_lair_orcish_takeover
D:11:     minmay_tile_spiral, layout_cave_pools, minmay_orc_entry_guard_dogs,
          serial_glass, glass_columns_a, glass_columns_b
Temple:   dpeg_chambers_temple

Skill      XL: |  1  2  3  4  5  6  7  8  9 10 11 |
---------------+----------------------------------+-----
Earth Magic    | 4 5 6 7 |  7.4
Conjurations   | 2 4 5 7 8 9 10 11 | 11.2
Spellcasting   | 3 |  3.3
Invocations    | 2 5 8 |  8.5
Fire Magic     | 2 6 10 | 10.8
Dodging        | |  2.4
Stealth        | |  1.4
Transmutations | |  1.2

Action                     |  1- 3 |  4- 6 |  7- 9 | 10-12 || total
---------------------------+-------+-------+-------+-------++-------
  Melee: Short sword       |       |    13 |       |       ||    13
         Spear             |       |       |    11 |    13 ||    24
   Cast: Sandblast         |    36 |    41 |    77 |    31 ||   185
         Passwall          |     2 |     3 |    21 |    10 ||    36
         Stone Arrow       |       |       |    34 |    59 ||    93
 Invoke: Channel Magic     |       |       |       |     1 ||     1
  Evoke: Wand              |       |     3 |    12 |     3 ||    18
    Use: Scroll            |       |     5 |     7 |     3 ||    15
         Potion            |       |       |     1 |     5 ||     6
 Armour: Robe              |     6 |    10 |     3 |       ||    19
         Leather armour    |       |       |    21 |    18 ||    39
  Dodge: Dodged            |     8 |    31 |    54 |    37 ||   130
